 Dungeon Crawl Stone Soup version 0.30.0 (webtiles) character file.

Game seed: 2206737677197832798

53 Minorbread the Magician (level 3, -4/19 HPs)
             Began as a Deep Elf Earth Elementalist on May 24, 2023.
             Constricted to death by Ijyb (5 damage)
             ... on level 3 of the Dungeon.
             The game lasted 00:03:43 (2324 turns).

Minorbread the Magician (DEEE)                      Turns: 2324, Time: 00:03:43

Health: -4/19      AC:  2    Str:  5    XL:     3   Next: 62%
Magic:  9/10       EV:  9    Int: 21    God:
Gold:   63         SH:  0    Dex: 15    Spells: 6/10 levels left

rFire   . . .        (no weapon)
rCold   . . .        (no shield)
rNeg    . . .        a - +0 robe
rPois   .            (no helmet)
rElec   .            (no cloak)
rCorr   .            (no gloves)
SInv    .            (no boots)
Will    .....        (no amulet)
Stlth   ++           (no ring)
HPRegen 0.23/turn    (no ring)
MPRegen 0.12/turn

%: no passive effects
@: grasped by roots, constricted
A: no striking features
a: no special abilities


You were on level 3 of the Dungeon.
You visited 1 branch of the dungeon, and saw 6 of its levels.

You collected 63 gold pieces.

Inventory:

Armour
 a - a +0 robe (worn)
Scrolls
 c - a scroll of teleportation
 g - a scroll of immolation
 h - a scroll of brand weapon
 j - a scroll of fog {unknown}
 l - a scroll of amnesia
Potions
 b - a potion of magic
 d - a potion of heal wounds {unknown}
 f - a potion of curing {unknown}
 k - a potion of might {unknown}


   Skills:
 - Level 2.4 Dodging
 - Level 2.4 Stealth
 + Level 4.1 Spellcasting
 + Level 0.2 Conjurations
 - Level 2.0 Transmutations
 + Level 4.1 Earth Magic


You had 6 spell levels left.
You knew the following spells:

 Your Spells              Type           Power      Damage    Failure   Level
a - Sandblast             Erth           42%        2d11      2%          1
b - Stone Arrow           Conj/Erth      26%        3d8       14%         3

Your spell library contained the following spells:

 Spells                   Type           Power      Damage    Failure   Level
 Passwall                 Tmut/Erth      14%        N/A       4%          2
 Petrify                  Tmut/Erth      17%        N/A       32%         4


Dungeon Overview and Level Annotations

Branches:
Dungeon (6/15)
 Temple: D:4-7

Altars:

Shops:
D:5 :

Annotations:
D:3 exclusion: upstairs, Ijyb, Natasha, Sigmund


Message History

k - a cyan potion
l - a scroll of amnesia You see here a frilled lizard corpse.
As you read the scroll labelled HUBLUPRYRR, it crumbles to dust.
It is a scroll of identify.
g - a scroll of immolation
As you read the scroll of identify, it crumbles to dust.
i - 2 scrolls of noise
As you read the scroll of identify, it crumbles to dust.
h - a scroll of brand weapon You drop 2 scrolls of noise.
Ijyb the Twisted Goblin comes into view.
She is wielding a +0 club and carrying a wand of roots (9).
Ijyb shouts!
Casting: Sandblast (safe; 2% risk of failure)
Confirm with . or Enter, or press ? or * to list all spells.
You can't see any susceptible monsters within range! (Use Z to cast anyway.)
Casting: Sandblast (safe; 2% risk of failure)
Confirm with . or Enter, or press ? or * to list all spells.
You can't see any susceptible monsters within range! (Use Z to cast anyway.) Ijyb zaps a wand.
The roots erupt in riotous growth!
The grasping roots grab you! The grasping roots constrict you.
You hear a shout!
The grasping roots constrict you. The grasping roots constrict you.
* * * LOW HITPOINT WARNING * * *
Casting: Sandblast (safe; 2% risk of failure)
Confirm with . or Enter, or press ? or * to list all spells.
The spell is extremely dangerous to miscast (14% risk of failure)!
Continue anyway?
Okay, then.
Casting: Stone Arrow (extremely dangerous; 14% risk of failure)
Confirm with . or Enter, or press ? or * to list all spells.
Aiming: Sandblast (safe; 2% risk of failure)
Press: ? - help, Shift-Dir - straight line, f - Ijyb
Aim: Ijyb, wielding a +0 club, wearing a +0 leather armour and carrying a wand of roots (8) (79% to hit)
The blast of sand hits Ijyb but does no damage.
The grasping roots constrict you.
* * * LOW HITPOINT WARNING * * *
The grasping roots constrict you.
You die...

### ##### ##### ###
#...#####...#####...# #..
........#..?........####..
........#............##...
#......g.@................
#...............).........
..........................
..##......#......#........
. ......#############...#.
....#### #...#. .....
#####. ..... #. #.


You could see Ijyb.

Vanquished Creatures
  An adder (D:3)
  An orc (D:4)
  4 ball pythons
  5 endoplasms
  2 giant cockroaches (D:1)
  5 goblins
  2 hobgoblins
  3 quokkas
  5 bats
  4 frilled lizards
  4 kobolds
  5 rats (D:1)
41 creatures vanquished.

Notes
Turn   | Place    | Note
-------+----------+-------------------------------------------
     0 | D:1      | Minorbread the Deep Elf Earth Elementalist began the quest
                  | for the Orb.
     0 | D:1      | Reached XP level 1. HP: 10/10 MP: 6/6
   235 | D:1      | Reached XP level 2. HP: 15/15 MP: 6/8
  1224 | D:2      | Reached XP level 3. HP: 19/19 MP: 8/10
  2053 | D:3      | Noticed Sigmund
  2158 | D:3      | You fall into a shaft and drop 3 floors!
  2164 | D:5      | Entered Level 5 of the Dungeon
  2166 | D:5      | Found Biklaceg's Self-Improvement Boutique.
  2177 | D:4      | Learned a level 3 spell: Stone Arrow
  2203 | D:3      | Noticed Natasha
  2317 | D:3      | Noticed Ijyb
  2324 | D:3      | Constricted to death by Ijyb

Illustrated notes

Levels and vault maps discovered:
D:1:      heliophobic_arrival_henge, layout_loops_corners
D:2:      layout_basic, serial_rivers, chequers_serial_rivers_large_b,
          chequers_serial_rivers_micro_d, chequers_serial_rivers_micro_a,
          chequers_serial_rivers_micro_a
D:3:      layout_basic, hangedman_decor_peaks_small, grunt_decor_resistance,
          uniq_sigmund, uniq_natasha, uniq_crazy_yiuf_cottage, uniq_ijyb
D:4:      old_forge, layout_loops_ring, serial_shops, shop
D:5:      layout_cave_pools, nicolae_uskayaw_suspiria, lemuel_crystal_altar,
          overflow_temple_1_default, grunt_gozag_breadcrumbs,
          worldfamousw_hep_ancestral_shrine, serial_gnoll_camp,
          gnoll_camp_medium_01, gnoll_camp_mini_house, gnoll_camp_mini_hut,
          gnoll_camp_mini_hut, gnoll_camp_mini_doghouse, nicolae_shop_self_help,
          uniq_blork_the_orc
D:6:      layout_basic, yredelemnul_altar_generic, overflow_temple_1_default

Skill      XL: |  1  2  3 |
---------------+----------+-----
Transmutations | 2 |  2.0
Spellcasting   | 4 |  4.1
Earth Magic    | 4 |  4.1
Dodging        | |  2.4
Stealth        | |  2.4
Conjurations   | |  0.2

Action                     || total
---------------------------++-------
   Cast: Sandblast         ||    53
    Use: Scroll            ||     5
 Armour: Robe              ||     1
  Dodge: Dodged            ||     8
